 Dungeon Crawl Stone Soup version 0.17-a0-777-g32247ce (webtiles) character file.

58 Pnognoglozu the Skirmisher (level 3, 0/29 HPs)
             Began as a Demonspawn Abyssal Knight on Apr 25, 2015.
             Was a Believer of Lugonu.
             Killed by a spatial distortion (1 damage)
             ... on level 2 of the Dungeon.
             The game lasted 00:03:10 (1387 turns).

Pnognoglozu the Skirmisher (DsAK)                   Turns: 1387, Time: 00:03:11

Health: 0/29       AC:  6    Str: 12    XL:     3   Next: 76%
Magic:  5/5        EV: 11    Int: 13    God:    Lugonu [**....]
Gold:   53         SH:  0    Dex: 13    Spells: 0 memorised, 2 levels left

rFire  + . .     SeeInvis .     a - +1 falchion
rCold  . . .     Clarity  .     b - +0 leather armour
rNeg   . . .     SustAb   .     (no shield)
rPois  .         Gourm    .     (no helmet)
rElec  .         Spirit   .     g - +0 cloak
rCorr  .         Warding  .     (no gloves)
rMut   .         Stasis   .     (no boots)
MR     .....                    (no amulet)
Stlth  +.........               l - ring of fire
                                h - ring of protection from cold

@: not resistant to hostile enchantments, very unstealthy
A: slimy green scales 1
a: Depart the Abyss, Bend Space, Renounce Religion


You were on level 2 of the Dungeon.
You worshipped Lugonu.
Lugonu was pleased with you.
You were not hungry.

You visited 1 branch of the dungeon, and saw 2 of its levels.
You visited the Abyss 1 time.

You collected 53 gold pieces.

Inventory:

Hand weapons
 a - a +1 falchion (weapon)
Armour
 b - a +0 leather armour (worn)
 g - a +0 cloak (worn)
Jewellery
 h - a ring of protection from cold (left hand)
 l - a ring of fire (right hand)
Scrolls
 e - a scroll of identify {unknown}
Potions
 i - a potion of curing {unknown}
 k - a potion of magic {unknown}
Comestibles
 c - 2 bread rations
 d - 4 chunks of flesh
 f - 2 meat rations
 j - a beef jerky


   Skills:
 + Level 3.3 Fighting
 + Level 2.4 Long Blades
 + Level 2.4 Armour
 + Level 1.2 Dodging
 + Level 3.1 Invocations


You had 2 spell levels left.
You didn't know any spells.

Dungeon Overview and Level Annotations

Branches:
Dungeon (2/15)

Altars:


Innate Abilities, Weirdness & Mutations

You are partially covered in slimy green scales (AC +2).


Message History

You hit the worm.
The worm is severely wounded.
The adder bites you but does no damage. The worm bites you.
You slash the worm!
You kill the worm!
Lugonu accepts your kill. The adder bites you.
* * * LOW HITPOINT WARNING * * *
The adder bites you but does no damage.
You are too injured to fight recklessly!
You completely miss the adder. The adder barely misses you.
The adder barely misses you.
You barely miss the adder. The adder bites you but does no damage.
You barely miss the adder. The adder bites you.
* * * LOW HITPOINT WARNING * * *
The adder bites you.
* * * LOW HITPOINT WARNING * * *
Use which ability? (? or * to list) Space bends around you!
You blink.
You die...

#.# ...######....
#.........####.... #...
#........... ....
..#.≈≈≈..... #..
#.≈%≈..... #. #..
#.≈≈≈..... #..# ##.#
#......... #...#..#
######.... #.?.@# #....
####S# #.... #§# #####
...####?######## ##
................########.
.####.....).##...)......
#.......############
#.......# # #.......#


You could see an adder.

Vanquished Creatures
  2 adders (D:2)
  An ooze (D:2)
  2 worms (D:2)
  7 hobgoblins
  5 kobolds
  A quokka (D:2)
  2 bats
  4 giant cockroaches
  A giant newt (D:1)
  5 goblins
  A rat (D:2)
31 creatures vanquished.

Notes
Turn   | Place    | Note
--------------------------------------------------------------
     0 | Abyss:1  | Pnognoglozu, the Demonspawn Abyssal Knight, began the quest for the Orb.
     0 | Abyss:1  | Reached XP level 1. HP: 18/18 MP: 2/2
     1 | Abyss:1  | Found a corrupted altar of Lugonu.
    47 | Abyss:1  | Noticed a raiju
    47 | Abyss:1  | Noticed a small abomination
    49 | D:1      | Escaped the Abyss
   393 | D:1      | Gained mutation: You are partially covered in slimy green scales (AC +2). [demonic ancestry]
   393 | D:1      | Reached XP level 2. HP: 21/24 MP: 3/3
   549 | D:1      | Reached skill level 1 in Dodging
   662 | D:2      | Acquired Lugonu's second power
   717 | D:2      | Reached XP level 3. HP: 16/29 MP: 5/5
  1386 | D:2      | HP: 1/29 [adder (3)]
  1387 | D:2      | Killed by a spatial distortion

Action                   || total
-------------------------++-------
Melee: Falchion          ||   140
  Eat: Chunk             ||     2
